 Dungeon Crawl Stone Soup version 0.24-a0-441-g27f0392e16 (webtiles) character file.

Game seed: 7007181220014529538

162 ivs the Chopper (level 5, -5/45 HPs)
             Began as a Minotaur Monk on June 21, 2019.
             Was a Believer of Okawaru.
             Slain by an orc warrior
             ... wielding a cursed -3 battleaxe
              (6 damage)
             ... on level 3 of the Dungeon.
             The game lasted 00:06:55 (566 turns).

ivs the Chopper (Minotaur Monk)                      Turns: 566, Time: 00:06:55

Health: -5/45      AC:  9    Str: 16    XL:     5   Next: 19%
Magic:  2/4        EV: 13    Int:  7    God:    Okawaru [**....]
Gold:   97         SH:  0    Dex: 13    Spells: 4/4 levels left

rFire    . . .     SeeInvis .   a - +0 hand axe
rCold    . . .     Gourm    .   (no shield)
rNeg     + . .     Faith    .   d - +2 scale mail {rN+}
rPois    .         Spirit   .   (helmet restricted)
rElec    .         Reflect  .   (no cloak)
rCorr    .         Harm     .   (no gloves)
MR       .....                  (no boots)
Stlth    ++........             (no amulet)
HPRegen  0.15/turn              (no ring)
MPRegen  0.09/turn              (no ring)

@: heroism
A: retaliatory headbutt, horns 2, evolution 1, MP-powered wands
a: Heroism, Renounce Religion


You were on level 3 of the Dungeon.
You worshipped Okawaru.
Okawaru was pleased with you.
You were not hungry.

You visited 1 branch of the dungeon, and saw 3 of its levels.

You collected 97 gold pieces.

Inventory:

Hand Weapons
 a - a +0 hand axe (weapon)
Armour
 d - a +2 scale mail of positive energy (worn)
Jewellery
 e - an uncursed ring of magical power {unknown}
Wands
 f - a wand of flame (16)
Scrolls
 b - a scroll of immolation {unknown}
 i - a scroll of identify {unknown}
Potions
 g - a potion of mutation
 h - a potion of curing {unknown}
 j - a potion of might {unknown}
 k - a potion of ambrosia {unknown}
 l - a potion of agility {unknown}
Comestibles
 c - 6 rations


   Skills:
 - Level 3.6(8.6) Fighting
 + Level 7.2(12.2) Axes
 - Level 3.2(8.2) Dodging
 - Level 1.5(6.5) Stealth


You had 4 spell levels left.
You didn't know any spells.
Your spell library was empty.

Dungeon Overview and Level Annotations

Branches:
Dungeon (3/15)

Altars:
Okawaru


Innate Abilities, Weirdness & Mutations

You reflexively headbutt those who attack you in melee.
You have a pair of horns on your head.
You evolve.
You expend magic power (3 MP) to strengthen your wands.


Message History

You hit the orc warrior but do no damage.
Your headbutt misses the orc warrior. The orc warrior misses you.
You furiously retaliate!
You headbutt the orc warrior, but do no damage.
You slash the orc warrior!
The orc warrior is moderately wounded.
You hit the orc warrior.
The orc warrior is heavily wounded.
The orc warrior misses you.
Your scale mail prevents you from hitting the orc warrior.
The orc warrior is heavily wounded.
You closely miss the orc warrior.
The orc warrior is heavily wounded.
The orc warrior hits you with a cursed -3 battleaxe!
* * * LOW HITPOINT WARNING * * *
It was a potion of mutation.
You feel extremely strange.
You feel nature experimenting on you.
Don't worry, failures die fast.
You feel your magical essence link to your wands.
The orc warrior hits you with a cursed -3 battleaxe.
You die...

#### #.. # #.# .#
###.####.#
#.).)....#
#@#......#
#o#......#
#.#.....## ####
#.#.....#####...##
#.#............)..
#.#.....####....##
#.#.....###.......
#.#.....†.....#...
#.#.......<>......


You could see an orc warrior.

Vanquished Creatures
  A bullfrog (D:2)
  A crimson imp (D:2)
  An orc wizard (D:3)
  A worm (D:2)
  2 dart slugs (D:2)
  A leopard gecko (D:2)
  An orc (D:3)
  2 giant cockroaches
  4 goblins
  A hobgoblin (D:1)
  5 kobolds
  8 bats
  2 frilled lizards (D:1)
  A leopard gecko skeleton (D:2)
  5 rats
36 creatures vanquished.

Notes
Turn   | Place    | Note
-------+----------+-------------------------------------------
     0 | D:1      | ivs the Minotaur Monk began the quest for the Orb.
     0 | D:1      | Reached XP level 1. HP: 19/19 MP: 0/0
    85 | D:1      | Reached skill level 4 in Axes
    95 | D:1      | Reached XP level 2. HP: 22/26 MP: 1/1
   166 | D:2      | Noticed a crimson imp
   174 | D:2      | Killed a crimson imp
   174 | D:2      | Reached skill level 5 in Axes
   174 | D:2      | Reached XP level 3. HP: 24/31 MP: 2/2
   222 | D:2      | Found an iron altar of Okawaru.
   222 | D:2      | Noticed a bullfrog
   228 | D:2      | Found a transporter.
   240 | D:2      | Found a transporter.
   302 | D:2      | Killed a bullfrog
   302 | D:2      | Reached skill level 6 in Axes
   302 | D:2      | Reached XP level 4. HP: 23/39 MP: 3/3
   326 | D:2      | Became a worshipper of Warmaster Okawaru
   326 | D:2      | Reached * piety under Okawaru
   326 | D:2      | Reached ** piety under Okawaru
   502 | D:3      | Found a faded altar of an unknown god.
   527 | D:3      | Reached skill level 7 in Axes
   527 | D:3      | Reached XP level 5. HP: 17/45 MP: 1/4
   533 | D:3      | Noticed an orc warrior
   565 | D:3      | HP: 1/45 [orc warrior/cursed -3 battleaxe (14)]
   566 | D:3      | Gained mutation: You evolve. [potion of mutation]
   566 | D:3      | Gained mutation: You expend magic power (3 MP) to
                  | strengthen your wands. [potion of mutation]
   566 | D:3      | Slain by an orc warrior

Levels and vault maps discovered:
D:1:      dpeg_arrival_more_subterranean_lakeside_camping, layout_rooms
D:2:      layout_rooms, gammafunk_temple_overflow_arena,
          minmay_misc_feat_enclosed
D:3:      layout_basic, chequers_ecumenical_altar_simple, first_ration,
          corexii_corridor_pit, elyvilon_altar_3

Skill      XL: |  1  2  3  4 |
---------------+-------------+-----
Axes           | 4 5 6 7 |  7.2
Fighting       | |  3.6
Dodging        | |  3.2
Stealth        | |  1.5

Action                   |  1- 3 |  4- 6 || total
-------------------------+-------+-------++-------
Melee: Hand axe          |    38 |    49 ||    87
       Headbutt          |     5 |     5 ||    10
Invok: Heroism           |       |     2 ||     2
Evoke: Wand              |       |     3 ||     3
  Use: Potion            |     2 |     1 ||     3
 Stab: Sleeping          |     1 |       ||     1
Armor: Leather armour    |     6 |     1 ||     7
       Robe              |     1 |       ||     1
       Scale mail        |       |    16 ||    16
Dodge: Dodged            |    17 |    16 ||    33

Table legend:
 A = Non-vault XP
 B = Vault XP
 C = Vault XP percentage of total XP
 D = Non-vault monster count
 E = Vault monster count
 F = Vault count percentage of total count
                 A         B        C        D         E       F
            +---------+---------+-------+---------+---------+-------
      Total |     136 |      96 |  41.4 |      33 |       3 |   8.3
            +---------+---------+-------+---------+---------+-------
        D:1 |      28 |       0 |   0.0 |      19 |       0 |   0.0
        D:2 |      67 |      96 |  58.9 |      10 |       3 |  23.1
        D:3 |      41 |       0 |   0.0 |       4 |       0 |   0.0
            +---------+---------+-------+---------+---------+-------
